 Dungeon Crawl Stone Soup version 0.21.2-1-g0862bd23eb (webtiles) character file.

761 MordorOrchid the Ducker (level 7, -2/46 HPs)
             Began as an Octopode Fighter on Nov 25, 2019.
             Slain by CALLOUS's ghost (12 damage)
             ... on level 4 of the Dungeon.
             The game lasted 00:13:32 (3993 turns).

MordorOrchid the Ducker (Octopode Fighter)          Turns: 3993, Time: 00:13:33

Health: -2/46      AC:  1    Str: 15    XL:     7   Next: 80%
Magic:  7/7        EV: 13    Int: 12    God:
Gold:   248        SH:  9    Dex: 12    Spells: 6/6 levels left

rFire    . . .     SeeInvis .   a - +0 long sword
rCold    . . .     Gourm    .   b - +0 shield
rNeg     . . .     Faith    .   (helmet restricted)
rPois    .         Spirit   .   w - amulet of rage
rElec    .         Reflect  .   (no ring)
rCorr    .         Harm     .   (no ring)
MR       .....                  (no ring)
Stlth    +++.......             (no ring)
HPRegen  0.15/turn              (no ring)
MPRegen  0.10/turn              (no ring)
                                (no ring)
                                (no ring)

@: berserk cooldown, slowed, very slow
A: almost no armour, stealthy swim, amphibious, 8 rings, constrict 8, camouflage
1, gelatinous body 1
a: Evoke Berserk Rage


You were on level 4 of the Dungeon.
You were full.

You visited 1 branch of the dungeon, and saw 5 of its levels.

You collected 248 gold pieces.

Inventory:

Hand Weapons
 a - a +0 long sword (weapon)
 v - a +0 dagger of venom
 y - a +0 short sword of draining
Missiles
 h - 8 poisoned needles
 i - 48 bolts
 k - 26 sling bullets
 o - 7 tomahawks (quivered)
 u - 47 arrows
Armour
 b - a +0 shield (worn)
Jewellery
 j - an uncursed amulet of the gourmand
 l - an uncursed ring of ice
 s - an uncursed ring of fire
 w - an amulet of rage (around mantle)
Wands
 f - a wand of paralysis (7)
Scrolls
 c - 2 scrolls of noise {unknown}
 e - a scroll of teleportation
 g - a scroll of remove curse
 n - a scroll of blinking {unknown}
 p - a scroll of fog {unknown}
 q - a scroll of fear
 r - a scroll of amnesia
Comestibles
 d - 13 rations
 m - a chunk of flesh


   Skills:
 - Level 3.0 Fighting
 * Level 4.9 Long Blades
 + Level 5.5 Dodging
 - Level 3.3 Stealth
 + Level 5.3 Shields


You had 6 spell levels left.
You didn't know any spells.

Dungeon Overview and Level Annotations

Branches:
Dungeon (5/15)
 Temple: D:4-7

Altars:
Dithmenos
Okawaru
Vehumet
Wu Jian
The Shining One

Annotations:
D:4 CALLOUS's ghost, novice HOAK


Innate Abilities, Weirdness & Mutations

You cannot wear most types of armour.
You are very stealthy in the water. (Stealth+)
You are amphibious.
You can wear up to eight rings at the same time.
You can use your tentacles to constrict eight enemies at once.
Your skin changes colour to match your surroundings (Stealth+).
Your rubbery body absorbs attacks. (AC +1, EV +1)


Message History

CALLOUS's ghost is severely damaged.
You are no longer berserk.
You pass out from exhaustion.
You feel yourself slow down. CALLOUS's ghost hits you.
You can move again.
You closely miss CALLOUS's ghost. Your squeeze misses CALLOUS's ghost.
CALLOUS's ghost is severely damaged.
You block CALLOUS's ghost's attack. CALLOUS's ghost closely misses you.
You riposte.
You hit CALLOUS's ghost.
CALLOUS's ghost is almost destroyed.
You closely miss CALLOUS's ghost.
CALLOUS's ghost is almost destroyed.
You block CALLOUS's ghost's attack. CALLOUS's ghost hits you!
You closely miss CALLOUS's ghost.
CALLOUS's ghost is almost destroyed.
CALLOUS's ghost hits you!
* * * LOW HITPOINT WARNING * * *
CALLOUS's ghost hits you!
You die...

....#..................
..#...................##
########...#............#
##..###............
#....###.###.......
#......####...(.
#####.##...###....
...####.....####..###.#.
[=....W@##### ##.# #...
....##### ###.#####. ##
#.....# #. #.....###.
#......... #.........
......###### .....##
######


You could see CALLOUS's ghost.

Vanquished Creatures
  Edmund (D:4)
  3 ogres
  A scorpion (D:3)
  4 orc wizards (D:3)
  2 orc priests (D:3)
  An iguana (D:4)
  Natasha (D:2)
  3 adders
  3 worms
  3 dart slugs
  3 leopard geckos
  9 orcs (D:3)
  8 giant cockroaches
  8 goblins
  5 hobgoblins
  2 jackals (D:3)
  3 quokkas
  3 ball pythons
  7 bats
  5 frilled lizards
  4 kobolds
  6 rats
85 creatures vanquished.

Notes
Turn   | Place    | Note
-------+----------+-------------------------------------------
     0 | D:1      | MordorOrchid the Octopode Fighter began the quest for the Orb.
     0 | D:1      | Reached XP level 1. HP: 16/16 MP: 1/1
   205 | D:1      | Reached XP level 2. HP: 18/21 MP: 2/2
   211 | D:1      | Reached skill level 1 in Stealth
   726 | D:2      | Reached XP level 3. HP: 9/26 MP: 3/3
  1010 | D:2      | Found a radiant altar of Vehumet.
  1254 | D:2      | Noticed Natasha
  1270 | D:2      | Killed Natasha
  1270 | D:2      | Reached XP level 4. HP: 15/31 MP: 4/4
  1334 | D:3      | Found an iron altar of Okawaru.
  1712 | D:3      | Reached XP level 5. HP: 32/36 MP: 5/5
  1739 | D:3      | Found a glowing golden altar of the Shining One.
  1746 | D:3      | Reached XP level 6. HP: 36/42 MP: 6/6
  2399 | D:4      | Noticed Edmund
  2407 | D:4      | Noticed CALLOUS's ghost (novice HOAK)
  2472 | D:4      | Reached XP level 7. HP: 36/46 MP: 7/7
  2571 | D:4      | Killed Edmund
  2571 | D:4      | Reached skill level 5 in Dodging
  2571 | D:4      | Reached skill level 5 in Shields
  3345 | D:4      | Found an ornate altar of the Wu Jian Council.
  3752 | D:5      | Entered Level 5 of the Dungeon
  3754 | D:5      | Found a shadowy altar of Dithmenos.
  3993 | D:4      | Slain by CALLOUS's ghost

Skill      XL: |  1  2  3  4  5  6  7 |
---------------+----------------------+-----
Stealth        | 1 3 |  3.3
Long Blades    | 3 4 |  4.9
Dodging        | 4 5 |  5.5
Shields        | 4 5 |  5.3
Fighting       | |  3.0

Action                   |  1- 3 |  4- 6 |  7- 9 || total
-------------------------+-------+-------+-------++-------
Melee: Short sword       |    58 |    94 |    42 ||   194
       Constrict         |    22 |    26 |     3 ||    51
       Tentacles         |    17 |    16 |    10 ||    43
       Long sword        |     2 |       |    21 ||    23
       Dagger            |       |     2 |     5 ||     7
 Abil: Evoke Berserk Rag |       |       |     1 ||     1
  Use: Potion            |     1 |       |     3 ||     4
       Scroll            |       |     5 |     3 ||     8
 Stab: Sleeping          |     9 |     9 |     1 ||    19
  Eat: Chunk             |     1 |    15 |     3 ||    19
Armor: Skin              |     2 |     1 |       ||     3
Dodge: Dodged            |    24 |    35 |    19 ||    78
Block: Shield            |    12 |    21 |    29 ||    62
       Rpst.: Long sword |       |       |     1 ||     1
